 Dungeon Crawl Stone Soup version 0.29.1-15-g9cfb28693d (webtiles) character file.

Game seed: 237619399389803833

11066 CrazyMind the Blocker (level 11, -1/89 HPs)
             Began as a Gnoll Fighter on Feb 21, 2023.
             Was an Initiate of Gozag.
             Slain by a boulder beetle (34 damage)
             ... on level 1 of the Lair of Beasts on Feb 24, 2023.
             The game lasted 01:01:52 (16519 turns).

CrazyMind the Blocker (Gnoll Fighter)              Turns: 16519, Time: 01:01:53

Health: -1/89      AC: 13    Str: 24    XL:     11   Next: 71%
Magic:  30/30      EV: 12    Int:  8    God:    Gozag
Gold:   2193       SH:  9    Dex: 11    Spells: 21/23 levels left

rFire   . . .      SeeInvis .   a - +0 war axe
rCold   . . .      Faith    .   Z - +3 warlock's mirror {reflect}
rNeg    . . .      Spirit   .   C - +2 scale mail {Will+}
rPois   +          Reflect  +   (no helmet)
rElec   +          Harm     .   v - +0 cloak
rCorr   .          Rampage  .   H - +0 pair of gloves {hurl}
Will    +....                   (no boots)
Stlth   ++........              S - amulet of the acrobat
HPRegen 0.24/turn               d - ring "Ysioweopp" {rElec MP+9 Str+4}
MPRegen 0.22/turn               p - ring of poison resistance

@: no status effects
A: fangs 1, strong nose, distributed training
a: Renounce Religion, Potion Petition, Call Merchant, Bribe Branch


You were on level 1 of the Lair of Beasts.
You worshipped Gozag.
Gozag was most pleased with you.
You visited 3 branches of the dungeon, and saw 13 of its levels.
You also visited: Sewer and Ossuary.

You collected 3358 gold pieces.
You spent 496 gold pieces at shops.
You paid 669 gold pieces to Gozag.

Inventory:

Hand Weapons
 a - a +0 war axe (weapon)
 Q - the +3 dagger "Zyfatom" {venom, rPois rN+++ Int-4 SInv}
   (You found it on level 8 of the Dungeon)

   It poisons the flesh of those it strikes.
   Int:       It affects your intelligence (-4).
   rPois:     It protects you from poison.
   rN:        It renders you almost immune to negative energy.
   SInv:      It lets you see invisible.
Missiles
 h - 12 boomerangs
 B - 21 poisoned darts (quivered)
Armour
 v - a +0 cloak (worn)
 C - a +2 scale mail of willpower (worn)
 H - a +0 pair of gloves of hurling (worn)
 U - a +1 ring mail of cold resistance
 Z - the +3 warlock's mirror (worn) {reflect}
   (You acquired it on level 1 of the Lair of Beasts)

   It can block and reflect piercing ranged attacks and magical attacks against
   the wielder's willpower.
Jewellery
 d - the ring "Ysioweopp" (left hand) {rElec MP+9 Str+4}
   (You found it in a sewer)

   [ring of magical power]

   Str:       It affects your strength (+4).
   rElec:     It insulates you from electricity.
   MP:        It affects your magic capacity (+9).
 p - a ring of poison resistance (right hand)
 y - a ring of willpower
 J - a ring of willpower
 N - a ring of protection from cold
 R - a ring of see invisible
 S - an amulet of the acrobat (around neck)
Wands
 V - a wand of quicksilver (7)
 Y - a wand of polymorph (5)
Scrolls
 e - 5 scrolls of vulnerability
 f - 2 scrolls of blinking
 i - 2 scrolls of butterflies
 l - 7 scrolls of immolation
 o - 2 scrolls of poison
 s - 2 scrolls of torment
 w - 6 scrolls of teleportation
 I - a scroll of fear
 P - a scroll of brand weapon {unknown}
 W - a scroll of silence {unknown}
 X - a scroll of amnesia {unknown}
Potions
 b - a potion of heal wounds
 j - 4 potions of cancellation
 k - 2 potions of attraction
 q - 2 potions of brilliance
 x - a potion of mutation {unknown}
 z - a potion of resistance {unknown}
 A - 7 potions of curing
 D - a potion of magic {unknown}
 F - a potion of ambrosia {unknown}
 G - a potion of berserk rage
Miscellaneous
 T - a tin of tremorstones (1/2)


   Skills:
 + Level 9.5 Fighting
 + Level 6.8 Short Blades
 + Level 6.8 Long Blades
 + Level 8.3 Axes
 + Level 6.8 Maces & Flails
 + Level 6.8 Polearms
 + Level 6.8 Staves
 + Level 6.8 Ranged Weapons
 + Level 6.8 Throwing
 + Level 9.5 Armour
 + Level 6.8 Dodging
 + Level 6.8 Stealth
 + Level 9.5 Shields
 + Level 6.8 Unarmed Combat
 + Level 6.8 Spellcasting
 + Level 5.6 Conjurations
 + Level 5.6 Hexes
 + Level 5.6 Summonings
 + Level 5.6 Necromancy
 + Level 5.6 Translocations
 + Level 5.6 Transmutations
 + Level 5.6 Fire Magic
 + Level 5.6 Ice Magic
 + Level 5.6 Air Magic
 + Level 5.6 Earth Magic
 + Level 5.6 Poison Magic
 + Level 7.4 Invocations
 + Level 6.8 Evocations


You had 21 spell levels left.
You knew the following spells:

 Your Spells              Type           Power      Damage    Failure   Level
a - Passwall              Tmut/Erth      9%         N/A       9%          2

Your spell library contained the following spells:

 Spells                   Type           Power      Damage    Failure   Level
 Freeze                   Ice            44%        1d6       5%          1
 Necrotise                Necr           44%        1d6       5%          1
 Slow                     Hex            44%        N/A       5%          1
 Ensorcelled Hibernation  Hex/Ice        22%        N/A       9%          2
 Static Discharge         Conj/Air       11%        3-5/arc   9%          2
 Confusing Touch          Hex            11%        N/A       17%         3
 Frozen Ramparts          Ice            22%        1d4       17%         3
 Gell's Gravitas          Tloc           11%        N/A       17%         3
 Lesser Beckoning         Tloc           11%        N/A       17%         3
 Portal Projectile        Hex/Tloc       22%        N/A       17%         3
 Swiftness                Air            11%        N/A       17%         3
 Teleport Other           Tloc           11%        N/A       17%         3
 Tukima's Dance           Hex            11%        N/A       17%         3
 Vampiric Draining        Necr           11%        2d6       17%         3
 Hailstorm                Conj/Ice       11%        3d5       50%         4
 Agony                    Necr           11%        N/A       83%         5
 Blade Hands              Tmut           5%         N/A       83%         5
 Lightning Bolt           Conj/Air       5%         1d17      83%         5
 Maxwell's Capacitive Co  Air            5%         ∞         100%        8


Dungeon Overview and Level Annotations

Branches:
Dungeon (11/15)            Temple (1/1) D:4            Lair (1/5) D:10
    Orc (0/2) D:11          Sewer (visited)         Ossuary (visited)

Altars:
Ashenzari
Cheibriados
Dithmenos
Elyvilon
Fedhas
Gozag
Hepliaklqana
Kikubaaqudgha
Makhleb
Nemelex Xobeh
Okawaru
Qazlal
Ru
Sif Muna
Trog
Uskayaw
Vehumet
Wu Jian
Xom
Yredelemnul
Zin
The Shining One

Shops:
D:8 (=   D:9 *   D:10 (

Annotations:
D:8 2 transporters
D:10 2 transporters, EarthwalkerPL's ghost, novice MiFi


Innate Abilities, Weirdness & Mutations

You have very sharp teeth.
Your uncanny sense of smell can sniff out nearby items.
Your experience applies equally to all skills.


Message History

The boulder beetle stops rolling and uncurls.
You hit the boulder beetle but do no damage.
You bite the boulder beetle, but do no damage.
The boulder beetle is moderately wounded.
The boulder beetle bites you!!
* * * LOW HITPOINT WARNING * * *
You block the boulder beetle's attack.
Press: ? - help, v - describe, . - travel
Here: a boulder beetle (heavily wounded, very poisoned)
The floor.
Unknown command.
Unknown command.
You feel better. You block the boulder beetle's attack.
Press: ? - help, v - describe, . - travel
Here: a boulder beetle (heavily wounded, very poisoned)
The floor.
Unknown command.
Unknown command.
You hit the boulder beetle but do no damage.
The boulder beetle is heavily wounded.
The boulder beetle leaps!
You start resting.
A boulder beetle is nearby!
Throw: 22 darts (poison)
Press: ? - help, Q - select action, (/) - cycle Shift-Dir - straight line, f/p - boulder beetle
Aim: a boulder beetle (severely wounded, poisoned, 91% to hit)
You throw a poisoned dart.
The poisoned dart hits the boulder beetle!
The boulder beetle looks as sick as possible!
The boulder beetle is severely wounded.
Throw: 21 darts (poison)
Press: ? - help, Q - select action, (/) - cycle Shift-Dir - straight line, f/p - boulder beetle
Aim: a boulder beetle (severely wounded, extremely poisoned, 91% to hit)
Okay, then.
The boulder beetle curls into a ball and begins rolling!
You hit the boulder beetle but do no damage.
The boulder beetle is almost dead.
The boulder beetle hits you!!
You die...
Your body crumbles into a pile of gold.

...............°.........
###+###..................
#.# #..................
###.# #.....○PPP.##......
#...# #......###.###.....
....# #.......°...# .....
P...###......##°..# ...
#....##.......#.B.#
##.#P#.......##.@.#
##.###.......######
.#'.P##.......
..............
###...####### #####


You could see a boulder beetle (rolling, extremely poisoned).

Vanquished Creatures
  A boulder beetle (D:8)
  A black mamba (Lair:1)
  2 cane toads (Lair:1)
  2 unseen horrors
  3 meliai (D:10)
  Prince Ribbit (D:9)
  4 blink frogs (Lair:1)
  5 yaks (D:10)
  A wraith (D:9)
  2 wyverns (D:10)
  3 steam dragons
  3 vampire mosquitoes (D:10)
  2 basilisks
  3 acid dragons (D:9)
  6 water moccasins
  2 black bears (D:5)
  3 ice beasts
  An orc warrior (D:8)
  3 ogres
  5 centaurs
  2 kobold brigands
  9 bullfrogs
  A water moccasin zombie (Ossuary)
  3 scorpions
  4 wights
  9 killer bees
  An electric eel (Lair:1)
  3 howler monkeys
  2 centaur zombies (Ossuary)
  2 jellies
  2 gnoll boudas
  2 hounds
  8 orc priests
  9 orc wizards
  7 iguanas
  Terence (D:3)
  3 scorpion zombies (Ossuary)
  An ogre zombie (Ossuary)
  16 adders
  8 gnolls
  2 river rats (D:4)
  A shadow imp (D:6)
  2 white imps
  5 adder zombies (Ossuary)
  4 worms
  39 orcs
  13 ball pythons
  3 bats
  3 endoplasms
  10 giant cockroaches
  2 gnoll zombies (Ossuary)
  5 goblins
  7 hobgoblins
  2 jackals (D:3)
  20 kobolds
  5 quokkas
  11 frilled lizards (Sewer)
  4 goblin zombies (Ossuary)
  2 hobgoblin zombies (Ossuary)
  2 orc zombies (Ossuary)
  6 rats
294 creatures vanquished.

Vanquished Creatures (others)
  2 bushes (D:10)
  12 fungi
  46 plants
60 creatures vanquished.

Grand Total: 354 creatures vanquished

Notes
Turn   | Place    | Note
-------+----------+-------------------------------------------
     0 | D:1      | CrazyMind the Gnoll Fighter began the quest for the Orb.
     0 | D:1      | Reached XP level 1. HP: 23/23 MP: 1/1
    58 | D:1      | Noticed an eye of devastation
    62 | D:1      | Found a faded altar of an unknown god.
    65 | D:1      | Noticed a floating eye
    67 | D:1      | Noticed a golden eye
    67 | D:1      | Noticed a shining eye
   222 | D:1      | Reached XP level 2. HP: 22/29 MP: 2/2
   897 | D:2      | Reached XP level 3. HP: 29/35 MP: 3/3
  1148 | D:2      | Reached skill level 1 in Invocations
  1157 | D:2      | Reached skill level 1 in Short Blades
  1157 | D:2      | Reached skill level 1 in Long Blades
  1157 | D:2      | Reached skill level 1 in Maces & Flails
  1157 | D:2      | Reached skill level 1 in Polearms
  1157 | D:2      | Reached skill level 1 in Staves
  1157 | D:2      | Reached skill level 1 in Ranged Weapons
  1157 | D:2      | Reached skill level 1 in Throwing
  1157 | D:2      | Reached skill level 1 in Dodging
  1157 | D:2      | Reached skill level 1 in Stealth
  1157 | D:2      | Reached skill level 1 in Unarmed Combat
  1157 | D:2      | Reached skill level 1 in Spellcasting
  1157 | D:2      | Reached skill level 1 in Evocations
  1571 | D:2      | Reached XP level 4. HP: 38/41 MP: 5/5
  2016 | D:3      | Noticed an ice beast
  2124 | D:3      | Noticed Terence
  2131 | D:3      | Reached skill level 1 in Conjurations
  2131 | D:3      | Reached skill level 1 in Hexes
  2131 | D:3      | Reached skill level 1 in Summonings
  2131 | D:3      | Reached skill level 1 in Necromancy
  2131 | D:3      | Reached skill level 1 in Translocations
  2131 | D:3      | Reached skill level 1 in Transmutations
  2131 | D:3      | Reached skill level 1 in Fire Magic
  2131 | D:3      | Reached skill level 1 in Ice Magic
  2131 | D:3      | Reached skill level 1 in Air Magic
  2131 | D:3      | Reached skill level 1 in Earth Magic
  2131 | D:3      | Reached skill level 1 in Poison Magic
  2140 | D:3      | Killed Terence
  2445 | D:3      | Reached XP level 5. HP: 38/47 MP: 7/7
  2844 | D:4      | Found a staircase to the Ecumenical Temple.
  2871 | Temple   | Entered the Ecumenical Temple
  2894 | Temple   | Became a worshipper of Gozag Ym Sagoz the Greedy
  2988 | D:4      | Reached skill level 5 in Axes
  2988 | D:4      | Reached XP level 6. HP: 33/53 MP: 8/8
  3213 | D:4      | Found a glowing drain.
  3219 | Sewer    | Entered a sewer
  3884 | Sewer    | Reached XP level 7. HP: 44/60 MP: 10/10
  3888 | Sewer    | Identified the ring "Ysioweopp" {rElec MP+9 Str+4}
  5394 | D:5      | Entered Level 5 of the Dungeon
  5779 | D:5      | Identified the +4 scale mail of the Tormentor {Harm rF++}
  5807 | D:5      | Reached XP level 8. HP: 67/67 MP: 12/12
  7565 | D:6      | Reached XP level 9. HP: 62/73 MP: 14/14
  8646 | D:7      | Found a glowing silver altar of Zin.
  8807 | D:7      | Killed an unseen horror
  8808 | D:7      | Reached skill level 5 in Invocations
  9541 | D:8      | Found a sand-covered staircase.
  9652 | Ossuary  | Entered an ossuary
 10051 | Ossuary  | Reached skill level 5 in Short Blades
 10051 | Ossuary  | Reached skill level 5 in Long Blades
 10051 | Ossuary  | Reached skill level 5 in Maces & Flails
 10051 | Ossuary  | Reached skill level 5 in Polearms
 10051 | Ossuary  | Reached skill level 5 in Staves
 10051 | Ossuary  | Reached skill level 5 in Ranged Weapons
 10051 | Ossuary  | Reached skill level 5 in Throwing
 10051 | Ossuary  | Reached skill level 5 in Dodging
 10051 | Ossuary  | Reached skill level 5 in Stealth
 10051 | Ossuary  | Reached skill level 5 in Unarmed Combat
 10051 | Ossuary  | Reached skill level 5 in Spellcasting
 10051 | Ossuary  | Reached skill level 5 in Evocations
 10051 | Ossuary  | Reached XP level 10. HP: 81/81 MP: 17/17
 10203 | D:8      | Found a transporter.
 10204 | D:8      | Noticed a cyclops
 10204 | D:8      | Noticed a centaur warrior
 10205 | D:8      | Noticed a tengu warrior
 10221 | D:8      | Found a transporter.
 10221 | D:8      | Found the +8 frozen axe "Frostbite" {freezing cloud, *Noise
                  | Fly rC+}
 10244 | D:8      | Noticed a steelbarb worm
 10244 | D:8      | a spriggan changed into a steelbarb worm
 10279 | D:8      | Found Welidusm's Jewellery Shoppe.
 10676 | D:8      | Identified the +3 dagger "Zyfatom" {venom, rPois rN+++
                  | Int-4 SInv}
 11038 | D:8      | Found Unay's Weapon Shoppe.
 11140 | D:8      | You fall into a shaft and drop 3 floors!
 11181 | D:10     | Entered Level 10 of the Dungeon
 11211 | D:9      | Found Vapn's Assorted Antiques.
 11212 | D:9      | Noticed a boulder beetle
 11445 | D:8      | Noticed an anaconda
 11487 | D:8      | Killed a boulder beetle
 12134 | D:9      | Bought a pair of embroidered gloves for 240 gold pieces
 12134 | D:9      | Bought an embroidered scarf for 256 gold pieces
 12721 | D:9      | Noticed Prince Ribbit
 12739 | D:9      | Killed Prince Ribbit
 12763 | D:9      | Noticed a tengu warrior
 12763 | D:9      | Noticed a manticore
 13487 | D:10     | Found a transporter.
 13490 | D:10     | Found a transporter.
 13490 | D:10     | Noticed EarthwalkerPL's ghost (novice MiFi)
 13493 | D:10     | Noticed a deep troll earth mage
 13706 | D:10     | Found a staircase to the Lair.
 13722 | D:10     | Reached skill level 5 in Conjurations
 13722 | D:10     | Reached skill level 5 in Hexes
 13722 | D:10     | Reached skill level 5 in Summonings
 13722 | D:10     | Reached skill level 5 in Necromancy
 13722 | D:10     | Reached skill level 5 in Translocations
 13722 | D:10     | Reached skill level 5 in Transmutations
 13722 | D:10     | Reached skill level 5 in Fire Magic
 13722 | D:10     | Reached skill level 5 in Ice Magic
 13722 | D:10     | Reached skill level 5 in Air Magic
 13722 | D:10     | Reached skill level 5 in Earth Magic
 13722 | D:10     | Reached skill level 5 in Poison Magic
 13722 | D:10     | Reached XP level 11. HP: 79/89 MP: 20/20
 13929 | D:10     | Noticed a red ugly thing
 13933 | D:10     | Noticed a sea snake
 13950 | D:10     | a sea snake changed into a redback
 13958 | D:10     | Noticed a shining eye
 13958 | D:10     | a redback changed into a shining eye
 14323 | D:10     | Noticed a moth of wrath
 14652 | D:10     | Found Howkud's Weapon Shoppe.
 14853 | D:10     | Identified the +1 robe "Hotiuce" {Harm Dex+3 Stlth-}
 15151 | Lair:1   | Entered Level 1 of the Lair of Beasts
 15499 | Lair:1   | Learned a level 2 spell: Passwall
 16190 | Lair:1   | Identified 2 scrolls of acquirement
 16281 | Lair:1   | Noticed a boulder beetle
 16310 | Lair:1   | Acquired the +3 warlock's mirror {reflect}
 16310 | Lair:1   | Found the +3 warlock's mirror {reflect}
 16412 | Lair:1   | Acquired 976 gold pieces
 16519 | Lair:1   | Slain by a boulder beetle

Illustrated notes

Levels and vault maps discovered:
D:1:      minmay_arrival_three_doors, layout_loops_ring,
          hellmonk_ecumenical_altar_watching_god, serial_bayou_lake_a
D:2:      layout_loops_corners, minmay_ruptured
D:3:      cheibrodos_old_hovel, layout_rooms, uniq_terence
D:4:      minmay_skewed_foursquare, layout_basic, minmay_temple_entry_overgrown,
          gup_sewer_entry_bubbles
D:5:      layout_loops_ring, minmay_misc_feat_more_columns, minmay_between
D:6:      cheibrodos_thug_alley, layout_basic
D:7:      layout_cave_pools, mainiacjoe_overflow_brackets,
          minmay_misc_feat_roman
D:8:      gammafunk_sealed_arena, layout_loops_corners, serial_shops,
          nicolae_shop_crystal, shop_fountains,
          nicolae_ossuary_entry_false_entrances
D:9:      layout_stronghold, serial_shops, nicolae_stop_n_shop_1,
          lightli_corner_chamber, uniq_prince_ribbit1
D:10:     layout_small_grid, minmay_lair_entry_grove, serial_shops,
          nicolae_shop_bloodbath_and_beyond, gammafunk_ghost_arena
D:11:     layout_layer_cave, orc_0_dummy
Temple:   nicolae_temple_the_god_donut
Lair:1:   layout_regular_city, serial_bayou_ford_a, serial_bayou_shore_b,
          infiniplex_staircase_pool

Skill      XL: |  1  2  3  4  5  6  7  8  9 10 11 |
---------------+----------------------------------+-----
Invocations    | 1 2 3 4 5 6 7 |  7.4
Short Blades   | 1 2 3 5 6 |  6.8
Long Blades    | 1 2 3 5 6 |  6.8
Maces & Flails | 1 2 3 5 6 |  6.8
Polearms       | 1 2 3 5 6 |  6.8
Staves         | 1 2 3 5 6 |  6.8
Ranged Weapons | 1 2 3 5 6 |  6.8
Throwing       | 1 2 3 5 6 |  6.8
Dodging        | 1 2 3 5 6 |  6.8
Stealth        | 1 2 3 5 6 |  6.8
Unarmed Combat | 1 2 3 5 6 |  6.8
Spellcasting   | 1 2 3 5 6 |  6.8
Evocations     | 1 2 3 5 6 |  6.8
Conjurations   | 1 2 3 4 5 |  5.6
Hexes          | 1 2 3 4 5 |  5.6
Summonings     | 1 2 3 4 5 |  5.6
Necromancy     | 1 2 3 4 5 |  5.6
Translocations | 1 2 3 4 5 |  5.6
Transmutations | 1 2 3 4 5 |  5.6
Fire Magic     | 1 2 3 4 5 |  5.6
Ice Magic      | 1 2 3 4 5 |  5.6
Air Magic      | 1 2 3 4 5 |  5.6
Earth Magic    | 1 2 3 4 5 |  5.6
Poison Magic   | 1 2 3 4 5 |  5.6
Axes           | 5 6 7 8 |  8.3
Fighting       | 7 8 9 |  9.5
Armour         | 7 8 9 |  9.5
Shields        | 7 8 9 |  9.5

Action                   |  1- 3 |  4- 6 |  7- 9 | 10-12 || total
-------------------------+-------+-------+-------+-------++-------
Melee: War axe           |    76 |   229 |   489 |   386 ||  1180
       Bite              |     6 |    13 |    60 |    37 ||   116
Throw: Boomerang         |       |       |    26 |    13 ||    39
       Dart              |       |       |     3 |    63 ||    66
Invok: Potion Petition   |       |       |       |     2 ||     2
Evoke: Tin of tremorston |       |       |       |     1 ||     1
  Use: Scroll            |       |     3 |     8 |    15 ||    26
       Potion            |       |     6 |     1 |     6 ||    13
 Stab: Distracted        |       |     1 |       |     1 ||     2
       Sleeping          |       |       |       |     2 ||     2
Armor: Scale mail        |    33 |    83 |   203 |   131 ||   450
       Skin              |       |     1 |       |       ||     1
Dodge: Dodged            |    21 |   104 |   184 |   151 ||   460
Block: Buckler           |    20 |    61 |   165 |   236 ||   482
       Reflection        |       |       |     1 |     5 ||     6
